 Dungeon Crawl Stone Soup version 0.25-a0-1130-g3926558f3a (webtiles) character file.

Game seed: 7927425266754114904, levelgen mode: deterministic

3284 vurker the Charlatan (level 10, 0/77 HPs)
             Began as a Human Artificer on May 19, 2020.
             Was an Initiate of Ru.
             Slain by Harold
             ... wielding a +2 scimitar of electrocution
              (12 damage)
             ... on level 7 of the Dungeon.
             The game lasted 00:23:04 (12189 turns).

vurker the Charlatan (Human Artificer)             Turns: 12189, Time: 00:23:04

Health: 0/77       AC: 15    Str: 16    XL:     10   Next: 20%
Magic:  24/24      EV:  4    Int: 12    God:    Ru [......]
Gold:   120        SH:  9    Dex: 13    Spells: 9/9 levels left

rFire    . . .     SeeInvis .   a - +5 morningstar
rCold    . . .     Gourm    .   n - +0 kite shield
rNeg     . . .     Faith    .   v - +0 plate armour
rPois    .         Spirit   .   (no helmet)
rElec    .         Reflect  .   (no cloak)
rCorr    .         Harm     .   c - +0 pair of gloves
MR       .....                  q - +0 pair of boots
Stlth    ..........             (no amulet)
HPRegen  0.22/turn              u - ring of stealth
MPRegen  0.19/turn              j - ring of magical power

@: marked, hasted, very quick
A: no striking features
a: Renounce Religion


You were on level 7 of the Dungeon.
You worshipped Ru.
Ru was noncommittal.
You were not hungry.

You visited 2 branches of the dungeon, and saw 8 of its levels.

You collected 228 gold pieces.
You spent 108 gold pieces at shops.

Inventory:

Hand Weapons
 a - a +5 morningstar (weapon)
   (You took it off a wight on level 5 of the Dungeon)
Armour
 c - a +0 pair of gloves (worn)
   (You bought it in a shop on level 6 of the Dungeon)
 n - a +0 kite shield (worn)
   (You bought it in a shop on level 6 of the Dungeon)
 q - a +0 pair of boots (worn)
   (You found it on level 3 of the Dungeon)
 v - a +0 plate armour (worn)
   (You found it on level 3 of the Dungeon)
Jewellery
 j - a ring of magical power (right hand)
   (You found it on level 4 of the Dungeon)
 u - a ring of stealth (left hand)
   (You found it on level 4 of the Dungeon)
Wands
 d - a wand of enslavement (21)
 t - a wand of flame (3)
Scrolls
 b - a scroll of identify
 g - 4 scrolls of teleportation
 m - 4 scrolls of enchant weapon
 r - 3 scrolls of fear
 w - a scroll of immolation
Potions
 f - a potion of flight
 h - a potion of cancellation
 i - 2 potions of ambrosia {unknown}
 l - 7 potions of curing
 p - 2 potions of might
Comestibles
 e - 7 rations


   Skills:
 + Level 6.6 Fighting
   Level 1.0 Short Blades
 * Level 5.3 Maces & Flails
 + Level 6.5 Armour
 - Level 2.0 Dodging
 - Level 1.0 Stealth
 + Level 4.6 Shields
 + Level 7.3 Evocations


You had 9 spell levels left.
You didn't know any spells.
Your spell library was empty.

Dungeon Overview and Level Annotations

Branches:
Dungeon (7/15)             Temple (1/1) D:6

Altars:
Ashenzari
Cheibriados
Dithmenos
Fedhas
Gozag
Hepliaklqana
Kikubaaqudgha
Makhleb
Nemelex Xobeh
Okawaru
Qazlal
Ru
Sif Muna
Trog
Uskayaw
Vehumet
Wu Jian
Xom
Yredelemnul
Zin
The Shining One

Shops:
D:6 [

Annotations:
D:7 1 runed translucent door, Crazy Yiuf, Harold


Message History

You struggle against the net.
Harold fires a harpoon shot at you. The harpoon shot hits you.
You are yanked forward by the harpoon shot.
Harold zaps a wand.
The mass of ice explodes!
The iceblast engulfs you but does no damage.
Harold hits you with a +2 scimitar of electrocution.
You sock Harold! You block Harold's attack.
You puncture Harold! Harold hits you but does no damage.
You hit Harold.
Harold hits you with a +2 scimitar of electrocution!
You are electrocuted!!
Your plate armour prevents you from hitting Harold.
Harold hits you but does no damage. Harold gestures at you while chanting.
The mark upon you grows brighter.
You hit Harold but do no damage.
Harold hits you with a +2 scimitar of electrocution!
* * * LOW HITPOINT WARNING * * *
Aim: Harold, wielding a +2 scimitar of electrocution, wearing a +3 chain mail of magic resistance and carrying a wand of iceblast (6) (moderately wounded, chance to defeat MR: 8%)
Okay, then.
You sock Harold! Harold barely misses you.
You hit Harold but do no damage. Harold gestures at you while chanting.
You barely resist. You sock Harold! You block Harold's attack.
You closely miss Harold.
Harold hits you with a +2 scimitar of electrocution.
* * * LOW HITPOINT WARNING * * *
You are electrocuted!
* * * LOW HITPOINT WARNING * * *
Harold hits you with a +2 scimitar of electrocution.
* * * LOW HITPOINT WARNING * * *
You feel yourself speed up.
You feel much better.
Harold hits you with a +2 scimitar of electrocution.
You hit Harold.
Harold hits you with a +2 scimitar of electrocution.
* * * LOW HITPOINT WARNING * * *
You hit Harold but do no damage.
Your shield and plate armour prevent you from hitting Harold.
Harold hits you with a +2 scimitar of electrocution!
* * * LOW HITPOINT WARNING * * *
You are electrocuted!
* * * LOW HITPOINT WARNING * * *
You hit Harold. You block Harold's attack.
You impale Harold!!
Harold hits you with a +2 scimitar of electrocution!
You die...

.................#
#.#
.##..............#
#.#
.##.............##
#.# .##.............#
#.# ..#>....[.......#
#.# ..###############
#.# ..# ##### #.#
..###
......#############.#
.....
......@@............#
#####
......###############
..... ### .... ..#
... #'#### .. .....#
# .....# .....#


You could see Harold.

Vanquished Creatures
  A hippogriff (D:7)
  Eustachio (D:5)
  Edmund (D:6)
  Duvessa (D:4)
  3 orc warriors
  An ice beast (D:5)
  A sky beast (D:5)
  A black bear (D:6)
  3 ogres (D:5)
  A centaur (D:6)
  Blork the orc (D:4)
  2 bullfrogs (D:6)
  Dowan (D:4)
  A scorpion (D:6)
  3 killer bees (D:7)
  5 wights
  A vampire bat (D:4)
  2 howler monkeys
  A bullfrog zombie (D:5)
  3 crimson imps (D:5)
  A jelly (D:6)
  4 hounds
  2 centaur skeletons
  An orc priest (D:4)
  5 orc wizards
  Natasha (thrice) (D:3)
  10 adders
  3 gnolls
  3 shadow imps
  An ooze (D:2)
  An adder skeleton (D:4)
  5 worms
  A dart slug (D:3)
  3 fire bats (D:4)
  6 leopard geckos
  26 orcs
  2 spectral bats (D:4)
  3 bat skeletons (D:4)
  A bat zombie (D:4)
  7 giant cockroaches
  2 goblins
  3 hobgoblins
  2 jackals (D:3)
  3 quokkas
  A ball python (D:6)
  14 bats
  A bat simulacrum (D:4)
  4 frilled lizards
  6 kobolds
  6 rats
164 creatures vanquished.

Vanquished Creatures (collateral kills)
  An orc priest (D:7)
  2 orc wizards (D:7)
  An orc (D:7)
4 creatures vanquished.

Vanquished Creatures (others)
  An orc warrior (D:7)
1 creature vanquished.

Grand Total: 169 creatures vanquished

Notes
Turn   | Place    | Note
-------+----------+-------------------------------------------
     0 | D:1      | vurker the Human Artificer began the quest for the Orb.
     0 | D:1      | Reached XP level 1. HP: 15/15 MP: 3/3
   379 | D:1      | Reached XP level 2. HP: 18/21 MP: 4/4
  1011 | D:2      | Reached skill level 1 in Armour
  1025 | D:2      | Found a blossoming altar of Fedhas.
  1504 | D:2      | Reached XP level 3. HP: 20/27 MP: 5/5
  2877 | D:3      | Reached XP level 4. HP: 26/33 MP: 6/6
  2965 | D:3      | Found a shimmering blue altar of Sif Muna.
  2965 | D:3      | Found a shadowy altar of Dithmenos.
  3128 | D:3      | Found a glowing silver altar of Zin.
  3971 | D:4      | Reached XP level 5. HP: 39/39 MP: 7/7
  4040 | D:4      | Reached skill level 4 in Evocations
  4175 | D:3      | Reached XP level 6. HP: 36/47 MP: 9/9
  4348 | D:4      | Noticed Natasha
  4370 | D:3      | Killed Natasha
  4607 | D:3      | Found a shimmering blue altar of Sif Muna.
  4607 | D:3      | Found a shadowy altar of Dithmenos.
  4674 | D:3      | Found a glowing silver altar of Zin.
  4994 | D:3      | Noticed Natasha
  5002 | D:3      | Killed Natasha
  5055 | D:3      | Noticed Natasha
  5068 | D:3      | Killed Natasha
  5197 | D:3      | Found a glowing silver altar of Zin.
  5217 | D:3      | Found a shadowy altar of Dithmenos.
  5219 | D:3      | Found a shimmering blue altar of Sif Muna.
  5915 | D:4      | Noticed Dowan
  5917 | D:4      | Noticed Duvessa
  6032 | D:4      | Noticed Blork the orc
  6044 | D:4      | Killed Blork the orc
  6044 | D:4      | Reached XP level 7. HP: 47/53 MP: 10/10
  6309 | D:4      | Reached skill level 1 in Shields
  6357 | D:4      | Reached skill level 5 in Evocations
  6535 | D:4      | Killed Duvessa
  6537 | D:4      | Killed Dowan
  6802 | D:5      | Entered Level 5 of the Dungeon
  6861 | D:4      | Reached XP level 8. HP: 24/61 MP: 12/12
  7645 | D:5      | Found a stormy altar of Qazlal.
  7661 | D:5      | Reached skill level 5 in Fighting
  7919 | D:5      | Reached skill level 5 in Armour
  7919 | D:5      | Reached skill level 6 in Evocations
  8227 | D:5      | Found a shimmering blue altar of Sif Muna.
  8235 | D:5      | Reached XP level 9. HP: 68/68 MP: 13/13
  8507 | D:5      | Reached skill level 1 in Maces & Flails
  9125 | D:6      | Noticed Eustachio
  9386 | D:5      | Killed Eustachio
 10217 | D:6      | Found a staircase to the Ecumenical Temple.
 10260 | Temple   | Entered the Ecumenical Temple
 10385 | Temple   | Became a worshipper of Ru the Awakened
 10423 | D:6      | Got a heavily runed chain mail
 10538 | D:6      | Found Citul's Armour Boutique.
 10551 | D:6      | Identified the +1 chain mail of Mobelo {Harm} (You found it
                  | on level 6 of the Dungeon)
 10562 | D:6      | Bought a +0 pair of gloves for 54 gold pieces
 10562 | D:6      | Bought a +0 kite shield for 54 gold pieces
 10623 | D:6      | Found a sparkling altar of Nemelex Xobeh.
 10705 | D:6      | Noticed Edmund
 10708 | D:6      | Killed Edmund
 10861 | D:7      | Reached skill level 7 in Evocations
 11077 | D:7      | Noticed a hippogriff
 11089 | D:7      | Killed a hippogriff
 11096 | D:7      | Reached XP level 10. HP: 39/77 MP: 15/15
 11651 | D:7      | Reached skill level 5 in Maces & Flails
 12065 | D:7      | Found a runed translucent door.
 12066 | D:7      | Noticed Crazy Yiuf
 12160 | D:7      | Noticed Harold
 12189 | D:7      | Slain by Harold

Illustrated notes

Levels and vault maps discovered:
D:1:      heliophobic_arrival_dark_side_of_the_moon, layout_loops_ring,
          chequers_serial_rivers_micro_e, minmay_misc_feat_room,
          serial_bayou_pond_a, minmay_misc_feat_x
D:2:      layout_basic, kennysheep_donut, fedhas_altar_3
D:3:      layout_loops_ring, zin_treasury,
          chequers_temple_overflow_statue_of_worship, minmay_unequal
D:4:      layout_cave_pools, first_ration, serial_park_tiny_2, goddamned_bats,
          uniq_blork_the_orc, uniq_natasha, uniq_duvessa
D:5:      layout_loops_ring, nicolae_qazlal_general_emergency, led_sif_pool
D:6:      layout_basic, minmay_temple_entry_glass, serial_shops,
          nicolae_shop_behind_doors, nemelex_altar_shiori, uniq_edmund,
          uniq_eustachio
D:7:      layout_basic, uniq_harold, uniq_crazy_yiuf_cottage
Temple:   kb_temple_of_zot

Skill      XL: |  1  2  3  4  5  6  7  8  9 10 |
---------------+-------------------------------+-----
Armour         | 1 2 3 4 5 6 |  6.5
Fighting       | 2 3 4 5 6 |  6.6
Evocations     | 4 5 6 7 |  7.3
Shields        | 2 3 4 |  4.6
Maces & Flails | 4 5 |  5.3
Short Blades   | |  1.0
Dodging        | |  2.0
Stealth        | |  1.0

Action                   |  1- 3 |  4- 6 |  7- 9 | 10-12 || total
-------------------------+-------+-------+-------+-------++-------
Melee: Short sword       |   137 |   225 |   141 |       ||   503
       Falchion          |       |       |   153 |       ||   153
       Morningstar       |       |       |   181 |    53 ||   234
       Lajatang          |       |       |     3 |       ||     3
Evoke: Wand              |     6 |    25 |    28 |    16 ||    75
  Use: Scroll            |       |    12 |     5 |       ||    17
       Potion            |       |       |       |     2 ||     2
 Stab: Sleeping          |     1 |       |       |       ||     1
       Paralysed         |       |     5 |       |       ||     5
  Eat: Chunk             |     1 |     4 |     5 |       ||    10
       Ration            |     2 |     2 |     3 |     1 ||     8
Armor: Chain mail        |    63 |   115 |       |       ||   178
       Plate armour      |       |    85 |   522 |    39 ||   646
Dodge: Dodged            |    34 |    68 |   146 |     9 ||   257
Block: Buckler           |       |     1 |   111 |       ||   112
       Kite shield       |       |       |    15 |    24 ||    39
       Rpst.: Falchion   |       |       |     8 |       ||     8

Table legend:
 A = Non-vault XP
 B = Vault XP
 C = Vault XP percentage of total XP
 D = Non-vault monster count
 E = Vault monster count
 F = Vault count percentage of total count
                 A         B        C        D         E       F
            +---------+---------+-------+---------+---------+-------
      Total |    3855 |     837 |  17.8 |     139 |      30 |  17.8
            +---------+---------+-------+---------+---------+-------
        D:1 |      16 |       0 |   0.0 |       8 |       0 |   0.0
        D:2 |      28 |       0 |   0.0 |       8 |       0 |   0.0
        D:3 |     190 |      39 |  17.0 |      28 |       5 |  15.2
        D:4 |     406 |     448 |  52.5 |      16 |      23 |  59.0
        D:5 |    1140 |     196 |  14.7 |      34 |       1 |   2.9
        D:6 |     858 |     154 |  15.2 |      23 |       1 |   4.2
        D:7 |    1217 |       0 |   0.0 |      22 |       0 |   0.0
            +---------+---------+-------+---------+---------+-------
